 Dungeon Crawl Stone Soup version 0.22.0-27-ga576289 (webtiles) character file.

7611 Monsterracer the Cleaver (level 11, -2/68 HPs)
             Began as a Gargoyle Abyssal Knight on Aug 21, 2018.
             Was a High Priest of Lugonu.
             Slain by a spiny frog (10 damage)
             ... on level 3 of the Lair of Beasts.
             The game lasted 00:17:15 (8554 turns).

Monsterracer the Cleaver (Gargoyle Abyssal Knight)  Turns: 8554, Time: 00:17:15

Health: -2/68      AC: 15    Str: 19    XL:     11   Next: 18%
Magic:  16/16      EV: 15    Int: 13    God:    Lugonu [*****.]
Gold:   455        SH:  0    Dex: 16    Spells: 10/10 levels left

rFire    + . .     SeeInvis +   a - +0 war axe (freeze)
rCold    + . .     Gourm    .   (no shield)
rNeg     + . .     Faith    .   E - +0 scale mail of Relativism {rF+ Regen+} (curse)
rPois    ∞         Spirit   .   u - +0 helmet
rElec    +         Reflect  .   O - -4 cloak "Quyfarch" {Dex+7 Slay-3 SInv} (curse)
rCorr    .         Harm     .   q - +2 pair of gloves
MR       .....                  (no boots)
Stlth    ..........             k - amulet of the acrobat
HPRegen  0.61/turn              N - +5 ring of evasion
MPRegen  0.15/turn              B - ring of protection from cold {!d}

@: no status effects
A: negative energy resistance 1, electricity resistance, unbreathing,
petrification resistance, rot immunity, AC +8
a: Depart the Abyss, Bend Space, Banish, Corrupt, Enter the Abyss, Renounce
Religion


You were on level 3 of the Lair of Beasts.
You worshipped Lugonu.
Lugonu was extremely pleased with you.
You were not hungry.

You visited 2 branches of the dungeon, and saw 12 of its levels.
You visited the Abyss 1 time.

You collected 567 gold pieces.
You spent 112 gold pieces at shops.

Inventory:

Hand Weapons
 a - a +0 war axe of freezing (weapon)
 b - a +1 dire flail of protection
 w - a +2 flail
Armour
 q - a +2 pair of gloves (worn)
 u - a +0 helmet (worn)
 y - a +0 large shield
 E - the cursed +0 scale mail of Relativism (worn) {rF+ Regen+}
   (You found it on level 5 of the Dungeon)

   It protects you from fire.
   It increases your rate of regeneration.
   It has a curse placed upon it.
 O - the cursed -4 cloak "Quyfarch" (worn) {Dex+7 Slay-3 SInv}
   (You found it on level 2 of the Lair of Beasts)

   It affects your dexterity (+7).
   It affects your accuracy and damage with ranged weapons and melee attacks
   (-3).
   It lets you see invisible.
   It has a curse placed upon it.
Jewellery
 i - an uncursed ring of see invisible
 k - an amulet of the acrobat (around neck)
 B - a ring of protection from cold (right hand) {!d}
 N - a +5 ring of evasion (left hand)
Wands
 n - a wand of digging (11)
 s - a wand of flame (43)
 v - a wand of clouds (6)
Scrolls
 d - 7 scrolls of identify {unknown}
 e - 4 scrolls of enchant armour {unknown}
 h - 3 scrolls of amnesia {unknown}
 m - 2 scrolls of teleportation {unknown}
 o - 4 scrolls of immolation {unknown}
 p - 2 scrolls of blinking {unknown}
 r - 3 scrolls of enchant weapon {unknown}
 t - 5 scrolls of remove curse {unknown}
 F - 2 scrolls of silence {unknown}
 H - a scroll of summoning {unknown}
 J - 2 scrolls of fog {unknown}
 L - a scroll of magic mapping {unknown}
Potions
 f - 3 potions of mutation {unknown}
 g - 3 potions of invisibility {unknown}
 j - 4 potions of agility {unknown}
 l - 4 potions of curing {unknown}
 z - a potion of ambrosia {unknown}
 A - a potion of heal wounds {unknown}
 C - a potion of flight {unknown}
 D - a potion of might {unknown}
 G - a potion of degeneration {unknown}
 K - 2 potions of resistance {unknown}
Comestibles
 c - 16 rations


   Skills:
 - Level 8.0 Fighting
 + Level 11.8 Axes
 - Level 2.1 Armour
 - Level 0.7 Dodging
 - Level 6.1 Shields
 - Level 7.5 Invocations


You had 10 spell levels left.
You didn't know any spells.
Your spell library contained the following spells:

 Spells                   Type           Power        Failure   Level  Hunger
 Flame Tongue             Conj/Fire      #....        67%         1    ##.....
 Throw Flame              Conj/Fire      #.....       80%         2    ###....
 Conjure Flame            Conj/Fire      #.......     95%         3    ####...
 Inner Flame              Hex/Fire       #.......     95%         3    ####...
 Sticky Flame             Conj/Fire      #.......     100%        4    #####..
 Fireball                 Conj/Fire      #.........   100%        5    ######.


Dungeon Overview and Level Annotations

Branches:
Dungeon (9/15)             Temple (0/1) D:6            Lair (3/6) D:9
    Orc (0/2) D:9
  Swamp: Lair:2-4    Shoals: Lair:2-4     Snake: Lair:2-4    Spider: Lair:2-4

Altars:
Dithmenos
Elyvilon
Kikubaaqudgha
Makhleb
Nemelex Xobeh
Qazlal
Ru
Trog
Uskayaw
Vehumet
Yredelemnul

Shops:
D:4 [[

Annotations:
Lair:3 exclusion: 2 oklob plants


Innate Abilities, Weirdness & Mutations

You are resistant to torment.
Your stone body is resilient. (AC +8)
You are immune to poison.
You resist negative energy. (rN+)
You are resistant to electric shocks. (rElec)
You can survive without breathing.
You are immune to petrification.
You are immune to rotting.


Message History

Unknown command.
Evoke which item? (* to show all) (? for menu, Esc to quit)
Okay, then.
Evoke which item? (* to show all) (? for menu, Esc to quit)
Aiming: Cloud Cone
Press: ? - help, Dir - move target cursor, f - spiny frog
Aim: a spiny frog (lightly wounded)
Okay, then.
The spiny frog closely misses you.
The water moccasin completely misses you.
Evoke which item? (* to show all) (? for menu, Esc to quit)
Aiming: Cloud Cone
Press: ? - help, Dir - move target cursor, f - water moccasin
Aim: a water moccasin You create a blast of noxious fumes!
The water moccasin misses you. The water moccasin barely misses you.
You closely miss the spiny frog. You barely miss the water moccasin.
The spiny frog closely misses you.
The water moccasin bites you but does no damage.
You slash the spiny frog!
The spiny frog seems to slow down.
You freeze the spiny frog.
The spiny frog is moderately wounded.
You slash the water moccasin! You freeze the water moccasin.
The water moccasin bites you but does no damage.
The spiny frog stings you!
* * * LOW HITPOINT WARNING * * *
You take 10 damage, and have 15/68 hp.
The water moccasin closely misses you.
You see here 9 gold pieces.
You now have 455 gold pieces (gained 9).
The spiny frog is no longer moving slowly.
The water moccasin bites you but does no damage.
The spiny frog misses you.
The water moccasin completely misses you.
The water moccasin completely misses you.
You don't know any spells.
The water moccasin closely misses you. The spiny frog stings you.
* * * LOW HITPOINT WARNING * * *
The water moccasin bites you.
* * * LOW HITPOINT WARNING * * *
You take 4 damage, and have 17/68 hp.
Unknown command.
The water moccasin completely misses you.
You barely miss the water moccasin.
The water moccasin is lightly wounded.
The water moccasin bites you.
* * * LOW HITPOINT WARNING * * *
You take 5 damage, and have 14/68 hp.
You closely miss the water moccasin.
The water moccasin is lightly wounded.
The water moccasin bites you but does no damage.
You slash the water moccasin!
The water moccasin seems to slow down.
You freeze the water moccasin.
The water moccasin is severely wounded.
The water moccasin barely misses you.
You barely miss the water moccasin.
The water moccasin is severely wounded.
The water moccasin closely misses you.
You closely miss the water moccasin.
The water moccasin is severely wounded.
The water moccasin is no longer moving slowly.
The water moccasin barely misses you.
You slash the water moccasin! You freeze the water moccasin.
You kill the water moccasin!
Lugonu accepts your kill.
Evoke which item? (* to show all) (? for menu, Esc to quit)
Okay, then.
You barely miss the spiny frog.
The spiny frog is lightly wounded.
The spiny frog stings you!
* * * LOW HITPOINT WARNING * * *
You take 11 damage, and have 5/68 hp.
Evoke which item? (* to show all) (? for menu, Esc to quit)
Okay, then.
Throwing (i - inventory)
x - a throwing net (quivered)
Press: ? - help, Shift-Dir - straight line, f - spiny frog
Aim: a spiny frog (lightly wounded)
You throw a throwing net. The throwing net hits the spiny frog.
The spiny frog is caught in the net!
The spiny frog is lightly wounded.
The spiny frog struggles against the net. x2
You slash the spiny frog! You freeze the spiny frog.
The spiny frog is moderately wounded.
The spiny frog struggles against the net.
You completely miss the spiny frog.
The spiny frog is moderately wounded.
The spiny frog struggles against the net.
You hit the spiny frog.
The spiny frog seems to slow down.
You freeze the spiny frog.
The spiny frog is moderately wounded.
You completely miss the spiny frog.
The spiny frog is moderately wounded.
The spiny frog is no longer moving slowly.
The spiny frog struggles against the net.
The net rips apart, and the spiny frog comes free!
You hit the spiny frog but do no damage.
The spiny frog is moderately wounded.
The spiny frog stings you!
You die...

.# ### #.#).............##P###P#
## #...............#### ### .#
##...P..........# .#
#....#..........# ##
####..............## ##
####.#.#.........#....# ####
.###P....##.............######..#
.............PP#.#...............
................@F...............
.#P####P##.##.#..#.###...#####.#.
#### ###### ##.#### ##### ###.
### ##


You could see a spiny frog.

Vanquished Creatures
  A hydra (Lair:2)
  A spiny frog (Lair:2)
  A komodo dragon (Lair:3)
  A hornet (D:8)
  2 hippogriffs
  Sigmund (D:3)
  5 yaks
  A wyvern (Lair:2)
  Eustachio (D:5)
  A basilisk (D:8)
  3 water moccasins
  4 porcupines
  2 black bears (D:9)
  3 orc warriors
  2 ice beasts
  3 wolves
  An ogre (D:8)
  2 centaurs
  3 crocodiles
  A big kobold (D:7)
  7 bullfrogs
  3 scorpions
  10 killer bees
  An electric eel (Lair:2)
  5 wights (D:6)
  2 howler monkeys
  A crimson imp (D:8)
  A jelly (D:8)
  8 orc priests
  4 hounds
  A gnoll shaman (D:6)
  A bullfrog skeleton (D:6)
  5 iguanas
  4 worker ants
  A worker ant zombie (D:6)
  6 gnolls
  2 howler monkey skeletons
  7 adders
  4 shadow imps
  An adder zombie (D:2)
  4 oozes
  An adder skeleton (D:4)
  2 worms
  A dart slug (D:2)
  2 leopard geckos
  27 orcs
  A ball python (D:3)
  8 giant cockroaches
  8 hobgoblins
  4 jackals
  2 quokkas (D:3)
  11 bats
  7 frilled lizards
  4 goblins
  16 kobolds
  A leopard gecko skeleton (D:8)
  A leopard gecko zombie (D:6)
  4 rats
217 creatures vanquished.

Vanquished Creatures (others)
  A fungus (Lair:2)
  A plant (D:9)
2 creatures vanquished.

Grand Total: 219 creatures vanquished

Notes
Turn   | Place    | Note
-------+----------+-------------------------------------------
     0 | Abyss:1  | Monsterracer the Gargoyle Abyssal Knight began the quest for the Orb.
     0 | Abyss:1  | Reached XP level 1. HP: 14/14 MP: 2/2
    47 | Abyss:1  | Noticed a small abomination
    52 | D:1      | Escaped the Abyss
   113 | D:1      | Reached skill level 2 in Axes
   123 | D:1      | Reached * piety under Lugonu
   219 | D:1      | Reached XP level 2. HP: 19/19 MP: 3/3
   792 | D:2      | Reached skill level 3 in Axes
   874 | D:2      | Reached XP level 3. HP: 23/23 MP: 4/4
  1183 | D:2      | Found a basalt altar of Yredelemnul.
  1405 | D:2      | HP: 8/23 [worm (8)]
  1855 | D:3      | Reached ** piety under Lugonu
  1893 | D:3      | Reached XP level 4. HP: 26/28 MP: 5/5
  2019 | D:3      | Found a transporter.
  2033 | D:3      | Reached skill level 4 in Axes
  2107 | D:3      | Found a sparkling altar of Nemelex Xobeh.
  2191 | D:3      | Found a sacrificial altar of Ru.
  2212 | D:3      | Noticed Sigmund
  2228 | D:3      | Killed Sigmund
  2228 | D:3      | Reached skill level 5 in Axes
  2228 | D:3      | Reached XP level 5. HP: 27/33 MP: 5/7
  2228 | D:3      | Reached XP level 6. HP: 31/38 MP: 5/8
  2375 | D:3      | Found a shadowy altar of Dithmenos.
  2533 | D:3      | Found a transporter.
  2563 | D:3      | HP: 19/38 [shadow imp/nerve-wracking pain (3)]
  2579 | D:3      | HP: 16/38 [orc priest/nerve-wracking pain (3)]
  2581 | D:3      | HP: 2/38 [orc priest/divine providence (14)]
  3177 | D:3      | Found an ancient bone altar of Kikubaaqudgha.
  3326 | D:4      | Reached XP level 7. HP: 29/44 MP: 9/9
  3514 | D:4      | Reached *** piety under Lugonu
  3680 | D:4      | Found Efopott's Antique Armour Shoppe.
  3721 | D:4      | Bought a large shield for 112 gold pieces
  3755 | D:4      | Found Luaz's Antique Armour Emporium.
  3759 | D:4      | Found a white marble altar of Elyvilon.
  4364 | D:5      | Entered Level 5 of the Dungeon
  4364 | D:5      | Noticed Eustachio
  4389 | D:5      | HP: 20/44 [white imp/puff of frost[Eustachio] (7)]
  4410 | D:5      | HP: 22/44 [bat[Eustachio] (1)]
  4572 | D:5      | HP: 17/44 [ice beast (6)]
  4575 | D:5      | Reached skill level 5 in Fighting
  4575 | D:5      | Reached skill level 6 in Axes
  4575 | D:5      | Reached skill level 1 in Shields
  4577 | D:5      | HP: 15/44 [bat[Eustachio] (1)]
  4583 | D:5      | HP: 11/44 [bat[Eustachio] (1)]
  4901 | D:5      | Killed Eustachio
  4901 | D:5      | Reached XP level 8. HP: 29/49 MP: 11/11
  5132 | D:5      | Found a hide-covered altar of Uskayaw.
  5218 | D:5      | Got a slimy scale mail
  5433 | D:5      | Identified the cursed +0 scale mail of Relativism {rF+ Regen+} (You found it on level 5 of the Dungeon)
  5550 | D:6      | Found a staircase to the Ecumenical Temple.
  5610 | D:6      | Reached skill level 5 in Invocations
  5611 | D:6      | HP: 24/51 [wight/trident (5)]
  5613 | D:6      | Reached skill level 7 in Axes
  5621 | D:6      | HP: 21/51 [wight/trident (1)]
  6100 | D:7      | Reached **** piety under Lugonu
  6231 | D:7      | Reached XP level 9. HP: 51/55 MP: 13/13
  6258 | D:8      | HP: 27/55 [orc priest/divine providence (13)]
  6440 | D:8      | Found a radiant altar of Vehumet.
  6443 | D:8      | Found a burning altar of Makhleb.
  6463 | D:8      | Found a stormy altar of Qazlal.
  6466 | D:8      | Found a bloodstained altar of Trog.
  6521 | D:8      | Noticed a hornet
  6533 | D:8      | Killed a hornet
  6533 | D:8      | Reached skill level 8 in Axes
  6960 | D:9      | Found a staircase to the Orcish Mines.
  6967 | D:9      | HP: 27/57 [orc warrior/trident (9)]
  6984 | D:8      | HP: 25/57 [orc warrior/dire flail of protection (5)]
  7050 | D:9      | Reached skill level 5 in Shields
  7058 | D:9      | HP: 28/57 [orc warrior/hand axe (10)]
  7188 | D:8      | Reached XP level 10. HP: 45/63 MP: 15/15
  7230 | D:9      | Reached ***** piety under Lugonu
  7233 | D:9      | HP: 30/63 [killer bee (4)]
  7236 | D:8      | Reached skill level 9 in Axes
  7412 | D:9      | HP: 32/64 [ogre/giant club (13)]
  7486 | D:9      | HP: 29/64 [crocodile (13)]
  7566 | D:9      | HP: 31/64 [porcupine's spines (14)]
  7573 | D:8      | HP: 15/64 [basilisk (3)]
  7771 | D:9      | Found a staircase to the Lair.
  7800 | Lair:1   | Entered Level 1 of the Lair of Beasts
  7921 | Lair:2   | Noticed a spiny frog
  7925 | Lair:2   | Killed a spiny frog
  7925 | Lair:2   | Reached skill level 10 in Axes
  7966 | Lair:2   | Noticed a five-headed hydra
  7979 | Lair:2   | HP: 32/64 [five-headed hydra (6)]
  7980 | Lair:2   | Killed a five-headed hydra
  7984 | Lair:2   | HP: 23/64 [bullfrog (1)]
  8100 | Lair:1   | Reached skill level 11 in Axes
  8101 | Lair:1   | Reached XP level 11. HP: 42/68 MP: 16/16
  8210 | Lair:2   | Got an ancient cloak
  8228 | Lair:2   | HP: 34/68 [blink frog (6)]
  8249 | Lair:3   | Noticed an oklob plant
  8249 | Lair:3   | Noticed an oklob plant
  8267 | Lair:3   | Identified the cursed -4 cloak "Quyfarch" {Dex+7 Slay-3 SInv} (You found it on level 2 of the Lair of Beasts)
  8314 | Lair:3   | HP: 33/68 [komodo dragon (18)]
  8517 | Lair:2   | HP: 28/68 [spiny frog (9)]
  8528 | Lair:3   | HP: 15/68 [spiny frog (10)]
  8538 | Lair:3   | HP: 18/68 [spiny frog (3)]
  8548 | Lair:3   | HP: 5/68 [spiny frog (12)]
  8554 | Lair:3   | Slain by a spiny frog

Skill      XL: |  1  2  3  4  5  6  7  8  9 10 |
---------------+-------------------------------+-----
Axes           | 2 3 5 6 7 8 11 | 11.8
Fighting       | 4 5 6 7 8 |  8.0
Invocations    | 3 4 5 6 7 |  7.5
Shields        | 1 3 5 6 |  6.1
Armour         | |  2.1
Dodging        | |  0.7

Action                   |  1- 3 |  4- 6 |  7- 9 | 10-12 || total
-------------------------+-------+-------+-------+-------++-------
Melee: Hand axe          |   132 |    75 |       |       ||   207
       War axe           |       |    41 |   401 |   231 ||   673
       Dire flail        |       |       |       |     9 ||     9
Throw: Throwing net      |       |       |       |     1 ||     1
Invok: Depart the Abyss  |     1 |       |       |       ||     1
Evoke: Wand              |       |    16 |       |     3 ||    19
  Eat: Chunk             |     3 |     2 |    12 |     5 ||    22
       Ration            |       |     1 |       |       ||     1
Armor: Leather armour    |     9 |       |       |       ||     9
       Ring mail         |    68 |    62 |       |       ||   130
       Chain mail        |       |       |   244 |       ||   244
       Scale mail        |       |       |   219 |   172 ||   391
Dodge: Dodged            |    71 |    86 |   316 |   183 ||   656
Block: Large shield      |       |       |    11 |       ||    11

Vault maps used:
D:1:      sevenhm_arrival_forest_fort_small_3
D:2:      nicolae_overflow_hidden_temple, serial_forest,
          infiniplex_forest_lined_corner, infiniplex_forest_straight_3,
          infiniplex_forest_lined_ring, infiniplex_forest_clump_tiny,
          infiniplex_forest_lined_3, infiniplex_forest_clump_tiny,
          infiniplex_forest_end_2, infiniplex_forest_straight_3,
          infiniplex_forest_end_2
D:3:      gammafunk_wand_slinger, nicolae_ru_awakened_eye,
          overflow_temple_1_default, kiku_gazebo_pond_becter,
          nemelex_altar_shiori, uniq_sigmund
D:4:      minmay_door_path, lemuel_crystal_altar, serial_shops,
          nicolae_shop_crystal, shop, kennysheep_generic_room_12
D:5:      lemuel_round_altar, first_ration, uniq_eustachio
D:6:      temple_doors_e, serial_park_tiny_1, kennysheep_minor_cross
D:7:      lemuel_doored_altar, grunt_ogre_cave
D:8:      grunt_temple_overflow_cloverleaf, patterned_corridor
D:9:      kennysheep_mini, minmay_lair_entry_grove, david_orc_2, serial_glass,
          glass_columns_a, glass_columns_c
Lair:1:   basic_altar, lemuel_fruit_tree, grunt_megastairs_3
Lair:2:   spider_nest_entry_web_field, serial_bayou_shore_a
Lair:3:   serial_bayou_lake_a, minmay_lair_oklob_chamber
